 Dungeon Crawl Stone Soup version 0.24-a0-291-g79c1ce7 (webtiles) character file.

Game seed: 9513419964161787284

29 galech the Skirmisher (level 3, -5/29 HPs)
             Began as a Demonspawn Fighter on May 9, 2019.
             Slain by a gnoll
             ... wielding a +0 halberd
              (7 damage)
             ... on level 1 of the Dungeon.
             The game lasted 00:01:13 (1051 turns).

galech the Skirmisher (Demonspawn Fighter)          Turns: 1051, Time: 00:01:13

Health: -5/29      AC:  6    Str: 16    XL:     3   Next: 1%
Magic:  0/3        EV:  6    Int:  7    God:
Gold:   122        SH:  9    Dex: 13    Spells: 2/2 levels left

rFire    . . .     SeeInvis .   a - +0 war axe
rCold    . . .     Gourm    .   c - +0 shield
rNeg     . . .     Faith    .   b - +0 scale mail
rPois    +         Spirit   +   (no helmet)
rElec    .         Reflect  .   (no cloak)
rCorr    .         Harm     .   (no gloves)
MR       .....                  (no boots)
Stlth    ..........             (no amulet)
HPRegen  0.09/turn              h - ring of poison resistance
MPRegen  0.08/turn              j - -2 ring of intelligence (curse)

@: no status effects
A: magic shield
a: no special abilities


You were on level 1 of the Dungeon.
You were not hungry.

You visited 1 branch of the dungeon, and saw 2 of its levels.

You collected 122 gold pieces.

Inventory:

Hand Weapons
 a - a +0 war axe (weapon)
Armour
 b - a +0 scale mail (worn)
 c - a +0 shield (worn)
Jewellery
 h - a ring of poison resistance (left hand)
 j - a cursed -2 ring of intelligence (right hand)
Scrolls
 e - a scroll of magic mapping {unknown}
 i - a scroll of fear {unknown}
 k - a scroll of remove curse {unknown}
 n - 2 scrolls of teleportation {unknown}
Potions
 d - a potion of might
 l - 2 potions of curing {unknown}
 m - a potion of magic {unknown}
 o - a potion of haste {unknown}
Comestibles
 f - 3 rations
 g - 3 chunks of flesh


   Skills:
 + Level 3.4 Fighting
 + Level 2.1 Axes
 + Level 3.0 Armour
 + Level 3.0 Shields


You had 2 spell levels left.
You didn't know any spells.
Your spell library was empty.

Dungeon Overview and Level Annotations

Branches:
Dungeon (2/15)

Altars:


Innate Abilities, Weirdness & Mutations

When hurt, damage is shared between your health and your magic reserves.


Message History

You are too injured to fight recklessly!
You are too injured to fight recklessly!
You are too injured to fight recklessly!
You are too injured to fight recklessly!
You are too injured to fight recklessly!
You are too injured to fight recklessly!
You are too injured to fight recklessly!
You are too injured to fight recklessly!
You are too injured to fight recklessly!
You are too injured to fight recklessly!
You are too injured to fight recklessly!
You are too injured to fight recklessly!
The gnoll hits you with a +0 halberd!
* * * LOW HITPOINT WARNING * * *
The gnoll completely misses you.
You barely miss the gnoll. You block the gnoll's attack.
You hit the gnoll.
The gnoll is moderately wounded.
The gnoll hits you with a +0 halberd!
You die...

###...##.####...#....#.
######.# ##..#.....#
###..# ##.#.....#
##...## #.#....#.
#.....# #..#..#).
##.#...# ##.#.#...
#..#...# #..#....
##.##...# ##..##..
##..##@g.# ##....##
#..###..># #..##...
♣.♣#####)## ##.#####.
♣..♣......#####..# #.
♣♣..♣####.>......######.
♣...♣ #.######....#...
♣♣..♣ #.# ####...##
♣P.P♣ #.# ##....##
#♣♣♣## #.# ###..##..##


You could see a gnoll.

Vanquished Creatures
  A gnoll (D:1)
  A dart slug (D:2)
  A leopard gecko (D:1)
  4 bats (D:1)
  A giant cockroach (D:1)
  2 goblins (D:1)
  A hobgoblin (D:1)
  A jackal (D:1)
  3 frilled lizards (D:1)
  2 kobolds (D:1)
  A rat (D:1)
  A bush (D:1)
19 creatures vanquished.

Notes
Turn   | Place    | Note
-------+----------+-------------------------------------------
     0 | D:1      | galech the Demonspawn Fighter began the quest for the Orb.
     0 | D:1      | Reached XP level 1. HP: 18/18 MP: 1/1
    38 | D:1      | Gained mutation: When hurt, damage is shared between your
                  | health and your magic reserves. [demonic ancestry]
    38 | D:1      | Reached XP level 2. HP: 18/24 MP: 2/2
   901 | D:1      | Reached XP level 3. HP: 16/29 MP: 1/3
  1051 | D:1      | Slain by a gnoll

Levels and vault maps discovered:
D:1:      scummos_arrival_star, layout_rooms, serial_forest,
          infiniplex_forest_pool, infiniplex_forest_end_3,
          infiniplex_forest_straight_2, infiniplex_forest_clump_tiny,
          infiniplex_forest_end_1, infiniplex_forest_lined_room_2,
          infiniplex_forest_end_1, infiniplex_forest_pool, minmay_circled_x
D:2:      layout_loops_cross, gammafunk_temple_overflow_wave

Skill      XL: |  1  2 |
---------------+-------+-----
Axes           | 2 |  2.1
Armour         | 3 |  3.0
Shields        | 3 |  3.0
Fighting       | |  3.4

Action                   || total
-------------------------++-------
Melee: War axe           ||   180
  Eat: Chunk             ||     1
Armor: Scale mail        ||    26
Dodge: Dodged            ||    24
Block: Shield            ||    35

Table legend:
 A = Non-vault XP
 B = Vault XP
 C = Vault XP percentage of total XP
 D = Non-vault monster count
 E = Vault monster count
 F = Vault count percentage of total count
                 A         B        C        D         E       F
            +---------+---------+-------+---------+---------+-------
      Total |      35 |       7 |  16.7 |      14 |       4 |  22.2
            +---------+---------+-------+---------+---------+-------
        D:1 |      31 |       7 |  18.4 |      13 |       4 |  23.5
        D:2 |       4 |       0 |   0.0 |       1 |       0 |   0.0
            +---------+---------+-------+---------+---------+-------
